Map: Pillars of Gold LE

Players

RotterdaM

  • Race: Protoss Protoss
  • League: Grandmaster
  • Spawn Location: 1:00

SouLeer - Winner!

  • Race: Zerg Zerg
  • League: Grandmaster
  • Spawn Location: 7:00

Event: DreamHack SC2 Masters 2020 Winter

VOD

Have the link to the VOD?

Description

Time

  • Played on: Oct. 16, 2020, 2:04 p.m.
  • Length: 5:51

All games in this series

Show
View Real Time Build Order
Export as new Build Order

RotterdaM Protoss 

Build Orders: Dark Templar Rush 

Get SALT Encoding   

  12  0:00  Probe  
  13  0:12  Probe  
  14  0:18  Pylon  
  14  0:24  Probe (Chrono Boost)  
  15  0:36  Probe (Chrono Boost)  
  16  0:45  Probe (Chrono Boost)  
  17  0:51  Probe  
  18  1:06  Nexus  
  18  1:16  Gateway  
  18  1:19  Probe (Chrono Boost)  
  19  1:25  Assimilator  
  19  1:29  Probe (Chrono Boost)  
  20  1:33  Assimilator  
  20  1:34  Probe (Chrono Boost)  
  21  1:44  Pylon  
  21  1:46  Probe  
  22  1:58  Probe  
  23  2:05  Cybernetics Core  
  23  2:08  Zealot  
  25  2:12  Probe (Chrono Boost)  
  26  2:21  Probe (Chrono Boost)  
  26  2:22  Probe (Chrono Boost)  
  28  2:29  Probe (Chrono Boost)  
  30  2:30  Probe (Chrono Boost)  
  30  2:34  Probe (Chrono Boost)  
  31  2:38  Probe  
  31  2:43  Twilight Council  
  32  2:46  Warp Gate (Chrono Boost), Adept  
  34  2:52  Probe  
  34  2:57  Pylon  
  35  2:59  Probe  
  35  3:04  Shield Battery  
  36  3:07  Probe  
  37  3:15  Probe (Chrono Boost)  
  37  3:16  Adept  
  37  3:18  Resonating Glaives (Chrono Boost)  
  41  3:23  Probe (Chrono Boost)  
  41  3:26  Pylon  
  42  3:27  Probe (Chrono Boost)  
  43  3:34  Probe (Chrono Boost)  
  43  3:35  Probe (Chrono Boost)  
  43  3:37  Gateway  
  44  3:43  Probe  
  44  3:44  Gateway  
  44  3:47  Probe  
  46  3:55  Probe  
  46  3:58  Dark Shrine  
  46  4:02  Probe  
  46  4:10  Nexus  
  46  4:12  Pylon  
  46  4:14  Probe  
  47  4:19  Pylon, Probe  
  47  4:23  Assimilator  
  48  4:27  Probe  
  48  4:30  Adept  
  51  4:32  Probe  
  51  4:33  Assimilator  
  51  4:37  Assimilator  
  52  4:38  Adept  
  52  4:39  Adept  
  56  4:47  Probe  
  56  4:49  Probe  
  56  4:51  Shield Battery  
  58  4:56  Adept  
  58  4:59  Probe  
  61  5:01  Probe  
  61  5:03  Stargate  
  61  5:06  Stargate  
  62  5:11  Probe  
  62  5:13  Probe  
  60  5:17  Adept  
  60  5:18  Adept  
  60  5:19  Adept  
  62  5:23  Probe  
  62  5:24  Forge  
  63  5:30  Probe  
  63  5:35  Probe  
  65  5:38  Dark Templar  
  65  5:39  Adept  
  65  5:40  Dark Templar  
Show
View Real Time Build Order
Export as new Build Order

SouLeer Zerg - Winner!

Build Orders: Hatch First 

Get SALT Encoding   

  12  0:00  Drone  
  13  0:12  Overlord  
  13  0:17  Drone  
  14  0:30  Drone  
  15  0:45  Hatchery  
  15  0:50  Drone  
  15  0:54  Drone  
  17  0:57  Drone  
  17  1:08  Extractor  
  16  1:14  Spawning Pool  
  16  1:18  Drone  
  16  1:21  Drone  
  16  1:24  Drone  
  18  1:33  Drone  
  19  1:44  Drone  
  20  1:55  Overlord  
  20  1:58  Drone  
  20  2:00  Queen  
  23  2:03  Queen  
  23  2:08  Drone  
  26  2:13  Metabolic Boost  
  26  2:16  Drone  
  26  2:20  Drone  
  26  2:22  Drone  
  29  2:27  Drone  
  30  2:30  Drone  
  31  2:42  Hatchery  
  30  2:45  Drone  
  30  2:48  Overlord  
  31  2:54  Queen  
  31  2:57  Drone  
  34  2:59  Drone  
  34  3:01  Drone  
  36  3:09  Drone x4  
  40  3:13  Overlord  
  40  3:19  Drone  
  41  3:23  Zergling x4  
  43  3:31  Queen  
  43  3:34  Overlord  
  45  3:35  Drone  
  45  3:39  Baneling Nest  
  45  3:41  Drone x3  
  45  3:47  Drone  
  49  3:50  Overlord  
  49  4:00  Zergling x6  
  51  4:10  Drone x5  
  51  4:11  Extractor  
  51  4:12  Queen  
  57  4:17  Overlord  
  57  4:22  Lair  
  57  4:23  Zergling x6  
  57  4:24  Zergling x2  
  61  4:31  Zergling x6  
  61  4:35  Queen  
  66  4:39  Zergling x2, Overlord  
  66  4:43  Zergling x12  
  73  4:49  Drone, Spore Crawler  
  73  4:50  Spore Crawler  
  72  4:54  Zergling x8  
  76  5:00  Zergling x6  
  79  5:14  Drone x9  
  85  5:25  Baneling x14  
  85  5:27  Drone x2  
  87  5:32  Drone x2  
Tags
 
Add a new tag
Caveats
  • Supply blocks, unpowered buildings, or Contaminate may cause inaccurate times.
  • Supply counts are checked every 10 seconds.